 Seeded DCSS version 0.29.1-15-g9cfb28693d (webtiles) character file.

Game seed: 8077741302973459691 (custom seed)

2807 tkbsonic5 the Fighter (level 9, -2/74 (82) HPs)
             Began as a Grey Draconian Fighter on Apr 1, 2023.
             Was a High Priest of Uskayaw.
             Slain by an orc warrior
             ... wielding a +0 glaive
              (9 damage)
             ... on level 6 of the Dungeon.
             The game lasted 00:18:41 (4943 turns).

tkbsonic5 the Fighter (Grey Draconian Fighter)      Turns: 4943, Time: 00:18:41

HP:   -2/74 (82)    AC: 12    Str: 22    XL:     9   Next: 44%
MP:   8/8           EV: 13    Int: 10    God:    Uskayaw [*****.]
Gold: 415           SH:  5    Dex: 10    Spells: 8/8 levels left

rFire   + . .      SeeInvis .   d - +0 war axe (vorpal) {Afro-Arab Axe}
rCold   . . .      Faith    .   b - +0 buckler
rNeg    . . .      Spirit   .   (body armour unavailable)
rPois   .          Reflect  .   (helmet restricted)
rElec   .          Harm     .   x - scarf {+Inv}
rCorr   +          Rampage  .   (no gloves)
Will    .....                   (no boots)
Stlth   +.........              g - amulet of regeneration {Black Panther Armor}
HPRegen 1.02/turn               o - ring of protection from fire
MPRegen 0.11/turn               p - ring of resist corrosion

@: drained
A: AC +12, amphibious, unfitting armour, cold-blooded, low MP 1, sense
surroundings 1
a: Renounce Religion, Evoke Invisibility, Stomp, Line Pass, Grand Finale


You were on level 6 of the Dungeon.
You worshipped Uskayaw.
Uskayaw was noncommittal.
You visited 1 branch of the dungeon, and saw 6 of its levels.

You collected 415 gold pieces.

Inventory:

Hand Weapons
 a - a +0 war axe {Draconian Love}
 d - a +0 vorpal war axe (weapon) {Afro-Arab Axe}
 h - a +1 battleaxe
 v - a +0 whip of flaming
 y - a +0 sling
Armour
 b - a +0 buckler (worn)
 w - a +0 buckler
 x - a scarf of invisibility (worn)
Jewellery
 e - an amulet of magic regeneration
 g - an amulet of regeneration (around neck) {Black Panther Armor}
 o - a ring of protection from fire (left hand)
 p - a ring of resist corrosion (right hand)
Scrolls
 c - a scroll of identify
Potions
 k - a potion of degeneration


   Skills:
 * Level 8.6 Fighting
 * Level 7.8 Axes
 * Level 5.3 Dodging
 * Level 5.1 Shields
 * Level 0.6 Invocations
 - Level 3.7 Evocations


You had 8 spell levels left.
You didn't know any spells.
Your spell library contained the following spells:

 Spells                   Type           Power      Damage    Failure   Level
 Ensorcelled Hibernation  Hex/Ice        0%         N/A       58%         2
 Passwall                 Tmut/Erth      0%         N/A       58%         2
 Swiftness                Air            0%         N/A       82%         3


Dungeon Overview and Level Annotations

Branches:
Dungeon (6/15)
 Temple: D:4-7

Altars:
Gozag
Qazlal
Uskayaw
Vehumet
Wu Jian
Xom


Innate Abilities, Weirdness & Mutations

Your dull iron-grey scales are very hard. (AC +12)
You are amphibious.
You cannot fit into any form of body armour.
You are cold-blooded and may be slowed by cold attacks.
Your magical capacity is low. (-10% MP)
You passively map a small area around you.


Message History

The orc wizard gestures at you while chanting.
The magic dart hits you but does no damage.
The orc warrior hits you but does no damage.
The ogre closely misses you.
You hit the ogre.
Your tail-slap misses the ogre.
The ogre is severely wounded.
You closely miss the orc warrior. The orc warrior misses you.
You barely miss the orc warrior. You barely miss the ogre.
The ogre closely misses you.
The orc wizard gestures at you while chanting.
The magic dart hits you! The orc warrior barely misses you.
The iguana hisses angrily.
The orc wizard closely misses you.
The orc warrior hits you from afar with a +0 glaive!
The ogre hits you with a +0 giant club!
There is a stone staircase leading down, spattered with blood here.
You barely miss the ogre.
The ogre is severely wounded.
You miss the orc wizard.
You feel less confused. The orc wizard closely misses you.
The orc warrior barely misses you. The ogre barely misses you.
You hit the ogre but do no damage.
The ogre is severely wounded.
You slash the orc wizard!
You kill the orc wizard!
The orc warrior hits you from afar with a +0 glaive!
* * * LOW HITPOINT WARNING * * *
You slash the ogre!
You kill the ogre!
The orc warrior hits you from afar with a +0 glaive!!
* * * LOW HITPOINT WARNING * * *
Okay, then.
Okay, then.
Okay, then.
Okay, then.
Okay, then.
You feel drained.
You fail to use your ability.
The orc warrior hits you from afar with a +0 glaive!
You die...

~ , ,,,, , ' #*#'# ,,
*....# , #
..#############''''###
#,..#ogo(....)..........
, ,
#####loo~)~≈~~≈)~....~~~
≈≈≈≈≈≈≈≈≈≈≈≈≈≈≈≈≈l...~≈≈~
≈≈≈~≈≈≈≈~~~~~≈~~≈....~~~
.ggg.............)......
g.g.h...........@#..## *
,
#####.........o)))..#####
, # #.........##)#.......
# *,, ...... #.#....... ,
..#.# *#.#....... ######,
#*#. #.#....... , ......
# #.#....... ######
#.####.#....... ##
#.....)........ *


You could see an orc warrior and an iguana.

Vanquished Creatures
  Pikel (D:4)
  2 black bears
  A sky beast (D:6)
  A centaur (D:5)
  4 ogres
  2 phantoms (D:5)
  Blork the orc (D:5)
  A bullfrog (D:6)
  A kobold brigand (D:6)
  A scorpion (D:4)
  2 howler monkeys (D:6)
  8 hounds
  3 jellies
  2 orc priests
  A gnoll bouda (D:6)
  Terence (D:3)
  6 iguanas
  9 orc wizards
  A hound zombie (D:3)
  2 hound skeletons (D:3)
  A howler monkey zombie (D:3)
  13 gnolls (D:6)
  8 adders
  A white imp (D:6)
  An ufetubus (D:4)
  An adder skeleton (D:3)
  An adder zombie (D:3)
  A worm (D:2)
  A dart slug (D:5)
  14 orcs
  9 endoplasms
  A giant cockroach (D:3)
  7 goblins
  8 hobgoblins
  8 jackals (D:1)
  8 kobolds
  6 ball pythons
  A ball python skeleton (D:3)
  5 bats
  3 frilled lizards
  2 rats (D:3)
150 creatures vanquished.

Vanquished Creatures (others)
  3 plants (D:6)
3 creatures vanquished.

Grand Total: 153 creatures vanquished

Notes
Turn   | Place    | Note
-------+----------+-------------------------------------------
     0 | D:1      | tkbsonic5 the Draconian Fighter began the quest for the
                  | Orb.
     0 | D:1      | Reached XP level 1. HP: 19/19 MP: 1/1
   192 | D:1      | Reached XP level 2. HP: 26/26 MP: 2/2
   477 | D:1      | Reached skill level 4 in Fighting
   480 | D:1      | Reached XP level 3. HP: 29/33 MP: 3/3
  1338 | D:3      | Noticed Terence
  1342 | D:3      | Killed Terence
  1343 | D:3      | Reached XP level 4. HP: 41/41 MP: 4/4
  1354 | D:3      | Found a radiant altar of Vehumet.
  1546 | D:3      | Identified a scroll of acquirement
  1546 | D:3      | Acquired a +0 vorpal war axe
  1628 | D:3      | Reached XP level 5. HP: 47/47 MP: 5/5
  1630 | D:3      | Found a shimmering altar of Xom.
  1630 | D:3      | Found a stormy altar of Qazlal.
  1756 | D:3      | Reached skill level 5 in Fighting
  2205 | D:3      | Found an opulent altar of Gozag.
  2382 | D:4      | Found an ornate altar of the Wu Jian Council.
  2432 | D:4      | Noticed a lemure
  2432 | D:4      | Noticed a lemure
  2432 | D:4      | Noticed a black bear
  2434 | D:4      | Noticed Pikel
  2435 | D:4      | Killed a black bear
  2436 | D:4      | Reached XP level 6. HP: 51/56 MP: 6/6
  2448 | D:4      | Killed Pikel
  2449 | D:4      | Reached skill level 6 in Fighting
  2449 | D:4      | Your scales start taking on a dull iron-grey colour.
  2449 | D:4      | Reached XP level 7. HP: 37/64 MP: 7/7
  2743 | D:4      | Reached skill level 7 in Fighting
  2743 | D:4      | Reached skill level 1 in Evocations
  2905 | D:5      | Entered Level 5 of the Dungeon
  2990 | D:5      | Reached XP level 8. HP: 73/73 MP: 8/8
  3215 | D:5      | Found a hide-covered altar of Uskayaw.
  3510 | D:5      | Noticed Blork the orc
  3515 | D:5      | Killed Blork the orc
  4202 | D:6      | Noticed a troll
  4219 | D:6      | Reached skill level 8 in Fighting
  4231 | D:6      | Gained mutation: Your magical capacity is low. (-10% MP)
                  | [potion of mutation]
  4231 | D:6      | Gained mutation: You passively map a small area around you.
                  | [potion of mutation]
  4244 | D:6      | Reached XP level 9. HP: 74/77 MP: 6/8
  4431 | D:6      | Reached skill level 5 in Dodging
  4760 | D:5      | Became a worshipper of Uskayaw the Reveller
  4918 | D:6      | Reached * piety under Uskayaw
  4919 | D:6      | Reached ** piety under Uskayaw
  4922 | D:6      | Reached *** piety under Uskayaw
  4925 | D:6      | Reached **** piety under Uskayaw
  4926 | D:6      | Reached skill level 5 in Shields
  4931 | D:6      | Reached ***** piety under Uskayaw
  4943 | D:6      | Slain by an orc warrior

Illustrated notes

Levels and vault maps discovered:
D:1:      tarquinn_simple_flora_water_e, layout_basic
D:2:      layout_basic
D:3:      layout_basic, nicolae_overflow_hidden_temple, serial_undead,
          serial_undead_e, serial_undead_e, serial_undead_c, serial_undead_e,
          chequers_serial_rivers_marsh, uniq_terence
D:4:      layout_loops_ring, lemuel_doored_altar, uniq_pikel
D:5:      layout_basic, mainiacjoe_overflow_tiny_flanked, uniq_blork_the_orc
D:6:      lemuel_castle_with_subvaults [lemuel_castle_interior_carwin_1],
          layout_basic, minmay_temple_entry_trees

Skill      XL: |  1  2  3  4  5  6  7  8  9 |
---------------+----------------------------+-----
Fighting       | 4 5 6 7 8 |  8.6
Axes           | 3 4 6 7 |  7.8
Dodging        | 3 4 5 |  5.3
Evocations     | 1 3 |  3.7
Shields        | 4 5 |  5.1
Invocations    | |  0.6

Action                   |  1- 3 |  4- 6 |  7- 9 || total
-------------------------+-------+-------+-------++-------
Melee: War axe           |    97 |    95 |   206 ||   398
       Tailslap          |    11 |     9 |    25 ||    45
 Abil: Evoke Invisibilit |       |       |     1 ||     1
Evoke: Wand              |       |       |    23 ||    23
  Use: Scroll            |       |     5 |    13 ||    18
       Potion            |       |     2 |    14 ||    16
 Stab: Sleeping          |     1 |     1 |     1 ||     3
       Invisible         |       |       |     3 ||     3
       Fleeing           |       |       |     1 ||     1
       Paralysed         |       |       |     2 ||     2
Armor: Skin              |    31 |    29 |   127 ||   187
Dodge: Dodged            |    55 |    68 |   182 ||   305
Block: Buckler           |    24 |    22 |    56 ||   102
